Map: 凯罗斯中转站-天梯版

Players

MaNa - Winner!

  • Race: Protoss Protoss
  • League: Grandmaster

Serral

  • Race: Zerg Zerg

Event: WESG 2018 Grand Finals

VOD

Have the link to the VOD?

Description

Time

  • Played on: March 13, 2019, 2:28 a.m.
  • Length: 7:34

All games in this series

Show
View Real Time Build Order
Export as new Build Order

MaNa Protoss - Winner!

Build Orders: 1 Gate Expand 

Get SALT Encoding   

  12  0:00  Probe  
  13  0:16  Pylon, Probe  
  14  0:24  Probe  
  14  0:32  Probe  
  15  0:39  Gateway  
  16  0:43  Probe  
  17  0:50  Assimilator  
  17  0:56  Probe  
  18  1:08  Probe  
  19  1:20  Probe  
  20  1:26  Cybernetics Core  
  20  1:41  Nexus  
  20  1:44  Probe  
  21  1:52  Adept  
  21  1:53  Pylon  
  21  2:06  Warp Gate  
  23  2:11  Probe  
  23  2:12  Adept  
  26  2:24  Probe  
  27  2:35  Robotics Facility  
  27  2:36  Probe  
  28  2:41  Assimilator  
  28  2:47  Adept  
  28  2:50  Pylon  
  30  2:52  Probe  
  30  2:54  Probe  
  32  3:00  Probe  
  33  3:06  Probe  
  33  3:08  Probe  
  35  3:14  Immortal  
  35  3:18  Probe  
  36  3:20  Probe  
  41  3:30  Probe  
  41  3:32  Probe  
  43  3:36  Forge  
  43  3:42  Gateway  
  43  3:45  Probe  
  44  3:49  Pylon  
  44  3:55  Sentry  
  46  4:00  Probe x2  
  46  4:07  Gateway  
  46  4:10  Shield Battery  
  46  4:12  Pylon  
  46  4:14  Immortal  
  44  4:45  Cybernetics Core  
  44  4:48  Protoss Ground Weapons Level 1, Probe  
  44  4:49  Warp Prism, Probe  
  47  5:09  Probe  
  47  5:10  Probe  
  49  5:21  Probe  
  50  5:22  Probe  
  50  5:25  Sentry  
  53  5:29  Sentry  
  53  5:33  Probe, Gateway  
  56  5:36  Gateway  
  56  5:42  Gateway  
  56  5:45  Observer  
  56  5:48  Pylon  
  57  5:55  Probe  
  58  6:01  Zealot x2  
  58  6:05  Sentry, Zealot  
  58  6:09  Gateway  
  58  6:10  Gateway  
  62  6:23  Pylon  
  62  6:27  Observer  
  62  6:29  Adept x2  
  62  6:30  Zealot  
  68  6:32  Zealot  
  68  6:36  Pylon  
  70  6:51  Zealot x3, Adept  
  78  6:57  Pylon  
  78  7:06  Stalker x3  
  84  7:13  Stalker  
  84  7:27  Adept x3  
Show
View Real Time Build Order
Export as new Build Order

Serral Zerg 

Build Orders: Hatch First, Zergling Baneling 

Get SALT Encoding   

  12  0:00  Drone  
  13  0:12  Overlord  
  13  0:17  Drone  
  14  0:30  Drone x2  
  14  0:35  Drone  
  17  1:04  Hatchery  
  17  1:05  Drone x2  
  17  1:06  Extractor  
  17  1:18  Spawning Pool  
  16  1:22  Extractor  
  16  1:24  Drone  
  16  1:27  Drone  
  16  1:31  Drone  
  19  1:47  Drone  
  19  1:53  Drone  
  20  2:04  Queen  
  20  2:08  Metabolic Boost  
  22  2:09  Overlord  
  22  2:16  Queen  
  22  2:18  Zergling x2  
  22  2:21  Zergling x2  
  26  2:31  Zergling x2  
  28  2:48  Zergling x6, Extractor  
  29  2:53  Baneling Nest  
  29  2:56  Zergling x4  
  30  3:02  Zergling x2  
  30  3:04  Overlord  
  31  3:09  Extractor  
  31  3:11  Zergling x2  
  31  3:21  Zergling x8  
  35  3:35  Zergling x6  
  35  3:37  Baneling x4  
  35  3:41  Baneling x2  
  38  3:43  Baneling  
  38  3:46  Baneling  
  38  3:48  Zergling x2  
  38  3:52  Zergling x2  
  40  3:56  Zergling x2  
  39  4:03  Zergling x4  
  39  4:06  Baneling x2  
  38  4:15  Zergling x4  
  38  4:16  Zergling x2  
  36  4:27  Zergling x6  
  38  4:34  Baneling  
  38  4:37  Drone  
  38  4:38  Drone x2  
  40  4:45  Drone x2  
  42  4:48  Drone  
  42  4:52  Drone  
  41  5:09  Hatchery  
  41  5:11  Drone  
  41  5:17  Drone x2  
  41  5:20  Drone  
  43  5:30  Overlord  
  43  5:35  Overlord, Roach Warren  
  42  5:49  Drone x6  
  48  5:51  Drone  
  48  5:55  Drone  
  50  6:03  Zergling x2  
  50  6:04  Zergling x2  
  52  6:05  Drone  
  52  6:06  Drone  
  52  6:09  Extractor  
  52  6:10  Extractor  
  51  6:15  Drone x3  
  51  6:17  Drone  
  55  6:20  Drone  
  55  6:22  Queen  
  58  6:26  Overlord  
  58  6:28  Roach  
  60  6:34  Roach  
  60  6:35  Roach  
  60  6:37  Overlord  
  63  6:40  Roach  
  63  6:45  Roach  
  67  6:51  Ravager  
  67  6:55  Overlord  
  67  6:57  Ravager x2  
  67  7:00  Roach  
  67  7:01  Zergling x4  
  73  7:02  Zergling x2  
  73  7:04  Ravager  
  73  7:12  Ravager  
Tags
 
Add a new tag
Caveats
  • Supply blocks, unpowered buildings, or Contaminate may cause inaccurate times.
  • Supply counts are checked every 10 seconds.